 Dungeon Crawl Stone Soup version 0.21.1-1-g345015f (webtiles) character file.

382 iamserjio the Skirmisher (level 6, 0/100 HPs)
             Began as an Octopode Monk on Apr 8, 2018.
             Was a Priest of Yredelemnul.
             Succumbed to an adder's poison
             ... on level 4 of the Dungeon.
             The game lasted 00:09:45 (3162 turns).

iamserjio the Skirmisher (Octopode Monk)            Turns: 3162, Time: 00:09:45

Health: 0/100      AC: 23    Str: 15    XL:     6   Next: 76%
Magic:  6/6        EV:  2    Int: 13    God:    Yredelemnul [***...]
Gold:   186        SH:  3    Dex: 16    Spells: 5/5 levels left

rFire    . . .     SeeInvis .   a - +0 short sword
rCold    . . .     Gourm    .   g - +0 buckler
rNeg     + + +     Faith    .   (helmet currently unavailable)
rPois    +         Spirit   .   (no amulet)
rElec    .         Reflect  .   (no ring)
rCorr    .         Harm     .   (no ring)
MR       .....     NoTele   +   (no ring)
Stlth    ..........             (no ring)
HPRegen  0.26/turn              (no ring)
MPRegen  0.10/turn              (no ring)
                                (no ring)
                                (no ring)

@: berserking, lethally poisoned (0 -> -2), tree-form, starving, very quick
A: almost no armour, stealthy swim, (amphibious), 8 rings, (constrict 8)
a: Recall Undead Slaves, Injury Mirror, Animate Dead, Renounce Religion


You were on level 4 of the Dungeon.
You worshipped Yredelemnul.
Yredelemnul was most pleased with you.
You were starving.
You were a tree.
You visited 1 branch of the dungeon, and saw 4 of its levels.

You collected 186 gold pieces.

Inventory:

Hand Weapons
 a - a +0 short sword (weapon)
 m - a +1 whip of venom
Armour
 g - a +0 buckler (worn)
Jewellery
 w - an uncursed ring of flight {unknown}
Scrolls
 c - 2 scrolls of fog {unknown}
 d - 3 scrolls of blinking {unknown}
 e - 2 scrolls of remove curse {unknown}
 h - a scroll of immolation {unknown}
 j - a scroll of amnesia {unknown}
 k - 4 scrolls of identify {unknown}
 n - a scroll of fear {unknown}
 o - 3 scrolls of enchant armour {unknown}
 r - a scroll of random uselessness {unknown}
 s - 2 scrolls of enchant weapon {unknown}
 u - a scroll of teleportation {unknown}
Potions
 f - a potion of lignification
 i - a potion of heal wounds {unknown}
 l - a potion of berserk rage
 p - a potion of resistance {unknown}
 q - a potion of haste {unknown}
 t - a potion of degeneration {unknown}
 v - a potion of curing {unknown}
Comestibles
 b - 8 rations


   Skills:
 * Level 5.2 Fighting
 - Level 3.0 Short Blades
 * Level 5.1 Dodging
 + Level 5.0 Stealth


You had 5 spell levels left.
You didn't know any spells.

Dungeon Overview and Level Annotations

Branches:
Dungeon (4/15)
 Temple: D:4-7

Altars:
Elyvilon
Ru
Yredelemnul

Annotations:
D:3 Totori's ghost, amateur HOBe


Innate Abilities, Weirdness & Mutations

You cannot wear most types of armour.
You are very stealthy in the water. (Stealth+)
((You are amphibious.))
You can wear up to eight rings at the same time.
((You can use your tentacles to constrict eight enemies at once.))
((Your skin changes colour to match your surroundings (Stealth+).))
((Your rubbery body absorbs attacks. (AC +1, EV +1)))


Message History

You squeeze the adder, but do no damage.
The adder is lightly wounded.
The adder misses you.
You hit the adder but do no damage. You grab the adder.
The adder is lightly wounded.
You constrict the adder. The adder bites you.
* * * LOW HITPOINT WARNING * * *
The adder bites you.
* * * LOW HITPOINT WARNING * * *
You are lethally poisoned!
The adder poisons you!
It was a potion of lignification.
You turn into a tree.
Your roots penetrate the ground.
You lose your grip on the adder.
* * * LOW HITPOINT WARNING * * *
You feel sick. You block the adder's attack.
It was a potion of berserk rage.
A red film seems to cover your vision as you go berserk!
You feel yourself moving faster!
You feel mighty!
You die...
Your body rises from the dead as a mindless zombie.

#. #......## ###.####. #.#
#.....## ###... #.# #.....#
####....## .. ..# #.....#
#.....### ... ..###.....#
###.....####....
........###......#...<......
............. #.....)#
.........##.. #.#.†Zo##
).........#.####♣#.##..#...
.................S.........
........#............#.....
............................
.#........##.........##.....
.....#....###........# #....
..........# #........# ..
....##....###...###### .
#####.........#.#


You could see an adder.

Vanquished Creatures
  A howler monkey (D:4)
  An orc priest (D:3)
  A centaur skeleton (D:2)
  2 orc wizards
  A worker ant (D:4)
  A worker ant zombie (D:4)
  6 adders
  3 gnolls (D:2)
  2 oozes
  4 worms
  3 dart slugs
  4 leopard geckos
  10 orcs
  6 bats
  2 giant cockroaches
  7 goblins
  6 hobgoblins
  3 jackals (D:1)
  2 quokkas
  5 frilled lizards
  9 kobolds
  6 rats
85 creatures vanquished.

Vanquished Creatures (collateral kills)
  An orc (D:4)
  A bat (D:3)
  A frilled lizard (D:2)
  A leopard gecko skeleton (D:3)
  A rat (D:3)
5 creatures vanquished.

Vanquished Creatures (others)
  2 bat zombies
  A goblin zombie (D:3)
  A hobgoblin zombie (D:3)
  3 kobold zombies (D:3)
  An orc skeleton (D:3)
  An orc zombie (D:3)
9 creatures vanquished.

Grand Total: 99 creatures vanquished

Notes
Turn   | Place    | Note
-------+----------+-------------------------------------------
     0 | D:1      | iamserjio the Octopode Monk began the quest for the Orb.
     0 | D:1      | Reached XP level 1. HP: 16/16 MP: 1/1
   124 | D:1      | Reached XP level 2. HP: 17/21 MP: 2/2
   643 | D:2      | Reached XP level 3. HP: 27/27 MP: 3/3
   816 | D:2      | Reached XP level 4. HP: 33/33 MP: 4/4
  1096 | D:2      | Found a basalt altar of Yredelemnul.
  1104 | D:2      | Became a worshipper of Yredelemnul the Dark
  1104 | D:2      | Reached * piety under Yredelemnul
  1104 | D:2      | Reached ** piety under Yredelemnul
  1195 | D:2      | Reached XP level 5. HP: 36/37 MP: 5/5
  1646 | D:3      | Noticed Totori's ghost (amateur HOBe)
  2140 | D:3      | Reached XP level 6. HP: 44/44 MP: 6/6
  2322 | D:3      | Reached *** piety under Yredelemnul
  2388 | D:3      | Found a white marble altar of Elyvilon.
  2787 | D:3      | Found a sacrificial altar of Ru.
  2944 | D:4      | Reached skill level 5 in Fighting
  2956 | D:4      | Reached skill level 5 in Dodging
  3149 | D:4      | Reached skill level 5 in Stealth
  3160 | D:4      | HP: 1/45 [adder (3)]
  3162 | D:4      | Succumbed to an adder's poison

Skill      XL: |  1  2  3  4  5  6 |
---------------+-------------------+-----
Stealth        | 3 4 5 |  5.0
Fighting       | 4 5 |  5.2
Dodging        | 4 5 |  5.1
Short Blades   | |  3.0

Action                   |  1- 3 |  4- 6 || total
-------------------------+-------+-------++-------
Melee: Short sword       |    45 |   163 ||   208
       Constrict         |    10 |    37 ||    47
       Tentacles         |    10 |    39 ||    49
Invok: Animate Remains   |       |     7 ||     7
       Animate Dead      |       |     6 ||     6
       Recall Undead Sla |       |     1 ||     1
  Use: Potion            |       |     2 ||     2
 Stab: Sleeping          |     7 |    16 ||    23
       Distracted        |       |     1 ||     1
  Eat: Chunk             |       |     9 ||     9
Armor: Skin              |     3 |     3 ||     6
Dodge: Dodged            |    18 |   103 ||   121
Block: Buckler           |     2 |    19 ||    21
